 Dungeon Sprint DCSS version 0.22-a0-456-g11ed031 (webtiles) character file.

1056 Kidiri the Thaumaturge (level 8, -4/46 HPs)
             Began as a Deep Elf Fire Elementalist on June 7, 2018.
             Was the Champion of Vehumet.
             Slain by a harpy (15 damage)
             ... in the Dungeon (Sprint VII: "The Pits").
             The game lasted 00:11:05 (963 turns).

Kidiri the Thaumaturge (Deep Elf Fire Elementalist)  Turns: 963, Time: 00:11:06

Health: -4/46      AC:  2    Str:  5    XL:     8   Next: 6%
Magic:  27/27      EV: 15    Int: 23    God:    Vehumet [******]
Gold:   0          SH:  0    Dex: 15    Spells: 14/34 levels left

rFire    . . .     SeeInvis .   d - +0 dagger (venom)
rCold    . . .     Gourm    .   (no shield)
rNeg     . . .     Faith    .   a - +0 robe
rPois    .         Spirit   .   (no helmet)
rElec    .         Reflect  .   (no cloak)
rCorr    .         Harm     .   (no gloves)
MR       .....     NoTele   +   (no boots)
Stlth    ++........             (no amulet)
HPRegen  0.15/turn              (no ring)
MPRegen  0.20/turn              (no ring)

@: no status effects
A: no striking features
a: Renounce Religion


You were in the Dungeon.
You worshipped Vehumet.
Vehumet was exalted by your worship.
You were not hungry.

You visited 1 branch

Inventory:

Hand Weapons
 d - a +0 dagger of venom (weapon)
Armour
 a - a +0 robe (worn)
Wands
 i - a wand of flame (23)
Scrolls
 k - 3 scrolls of remove curse
 l - 5 scrolls of amnesia
 m - a scroll of summoning
Potions
 e - 5 potions of heal wounds
 f - a potion of haste
 g - 3 potions of magic
 h - 3 potions of berserk rage
 j - 2 potions of invisibility
 n - 5 potions of curing
Comestibles
 b - 2 chunks of flesh
 c - 9 rations


   Skills:
 + Level 3.2 Fighting
 + Level 3.9 Short Blades
 + Level 3.2 Armour
 + Level 5.5 Dodging
 - Level 2.4 Stealth
 * Level 13.7 Spellcasting
 + Level 8.4 Conjurations
 + Level 9.0 Fire Magic
 + Level 3.3 Ice Magic


You had 14 spell levels left.
You knew the following spells:

 Your Spells              Type           Power        Failure   Level  Hunger
a - Flame Tongue          Conj/Fire      #####        1%          1    None
b - Throw Flame           Conj/Fire      ######       1%          2    None
c - Conjure Flame         Conj/Fire      ######..     1%          3    None
d - Inner Flame           Hex/Fire       #####...     1%          3    None
e - Sticky Flame          Conj/Fire      ######..     1%          4    None
f - Fireball              Conj/Fire      ######....   1%          5    ###....
g - Throw Frost           Conj/Ice       #####.       1%          2    None

Your spell library contained the following spells:

 Spells                   Type           Power        Failure   Level  Hunger


Dungeon Overview and Level Annotations

Branches:
Dungeon (1/1)

Altars:
Ashenzari
Cheibriados
Dithmenos
Elyvilon
Fedhas
Gozag
Hepliaklqana
Kikubaaqudgha
Makhleb
Nemelex Xobeh
Okawaru
Qazlal
Ru
Sif Muna
Trog
Uskayaw
Vehumet
Wu Jian
Xom
Yredelemnul
Zin
The Shining One
Beogh
Jiyva
Lugonu

Annotations:
D exclusion: 6 doors


Message History

You close the door, pushing everything out of the way.
You see here a dagger.
You close the door.
You open the door. 3 harpies, a centaur and a mummy come into view.
The harpy screeches!
The centaur shouts!
The harpy screeches!
The harpy barely misses you. The harpy claws you.
You open the door.
The harpy screeches! x2
The harpy barely misses you. The harpy claws you but does no damage.
The harpy claws you. The harpy claws you! x2
* * * LOW HITPOINT WARNING * * *
The harpy claws you.
* * * LOW HITPOINT WARNING * * *
Okay, then.
Unknown command.
You feel much better. The harpy claws you! x2
* * * LOW HITPOINT WARNING * * *
The harpy claws you!
You die...

#)#..########...<...#
#)#).+[))).##.......#
#.#..#[))).##.......#
#'###########.......#
#).#.#.##.. #########
#)......#.# ###
##.#.#.##.# ...#
#.......#+#.M..#
##.#.#.##@HH...+
#.......#H#c...#
##.#.#..[)# ...#
########## ###


You could see 3 harpies, a centaur and a mummy.

Vanquished Creatures
  An orc sorcerer (D)
  A water moccasin (D)
  Duvessa (D)
  An orc warrior (D)
  A bullfrog (D)
  Dowan (D)
  A crimson imp (D)
  A gnoll shaman (D)
  An orc priest (D)
  A hound (D)
  An orc wizard (D)
  A mummy (D)
  4 gnolls (D)
  An adder (D)
  An ooze (D)
  2 leopard geckos (D)
  3 orcs (D)
  A giant cockroach (D)
  A hobgoblin (D)
  3 jackals (D)
  A ball python (D)
  A bat (D)
  A rat (D)
31 creatures vanquished.

Notes
Turn   | Place    | Note
-------+----------+-------------------------------------------
     0 | D        | Kidiri the Deep Elf Fire Elementalist began the quest for the Orb.
     0 | D        | Reached XP level 1. HP: 10/10 MP: 6/6
    69 | D        | Found a bloodstained altar of Trog.
    69 | D        | Found a deep blue altar of Sif Muna.
    69 | D        | Found a viscous altar of Jiyva.
    69 | D        | Found a hazy altar of Hepliaklqana.
    69 | D        | Found an opulent altar of Gozag.
    70 | D        | Found a glowing golden altar of the Shining One.
    70 | D        | Found a glowing silver altar of Zin.
    70 | D        | Found a basalt altar of Yredelemnul.
    70 | D        | Found a shimmering altar of Xom.
    70 | D        | Found an ornate altar of the Wu Jian Council.
    70 | D        | Found a sacrificial altar of Ru.
    70 | D        | Found a stormy altar of Qazlal.
    70 | D        | Found an iron altar of Okawaru.
    70 | D        | Found a sparkling altar of Nemelex Xobeh.
    70 | D        | Found a burning altar of Makhleb.
    70 | D        | Found a blossoming altar of Fedhas.
    70 | D        | Found a white marble altar of Elyvilon.
    70 | D        | Found a shadowy altar of Dithmenos.
    70 | D        | Found a snail-covered altar of Cheibriados.
    72 | D        | Found a radiant altar of Vehumet.
    72 | D        | Found a corrupted altar of Lugonu.
    72 | D        | Found a roughly hewn altar of Beogh.
    73 | D        | Found a hide-covered altar of Uskayaw.
    73 | D        | Found an ancient bone altar of Kikubaaqudgha.
    73 | D        | Found a shattered altar of Ashenzari.
    80 | D        | Became a worshipper of Vehumet
   101 | D        | Reached skill level 4 in Spellcasting
   137 | D        | Reached XP level 2. HP: 6/15 MP: 1/9
   213 | D        | Learned a level 2 spell: Throw Flame
   328 | D        | Reached * piety under Vehumet
   328 | D        | Offered knowledge of Freeze by Vehumet.
   328 | D        | Reached skill level 5 in Spellcasting
   378 | D        | Reached ** piety under Vehumet
   437 | D        | Noticed a bullfrog
   442 | D        | Killed a bullfrog
   442 | D        | Reached skill level 8 in Spellcasting
   442 | D        | Reached skill level 5 in Fire Magic
   442 | D        | Reached XP level 3. HP: 14/19 MP: 5/15
   442 | D        | Reached XP level 4. HP: 18/24 MP: 5/16
   447 | D        | Learned a level 3 spell: Conjure Flame
   451 | D        | Learned a level 3 spell: Inner Flame
   456 | D        | Learned a level 4 spell: Sticky Flame
   575 | D        | Noticed an orc warrior
   579 | D        | Noticed a water moccasin
   580 | D        | Offered knowledge of Throw Frost by Vehumet.
   580 | D        | Reached *** piety under Vehumet
   580 | D        | Reached skill level 9 in Spellcasting
   580 | D        | Reached skill level 5 in Conjurations
   580 | D        | Reached XP level 5. HP: 28/28 MP: 11/19
   595 | D        | Killed a water moccasin
   595 | D        | Reached skill level 11 in Spellcasting
   601 | D        | Reached **** piety under Vehumet
   608 | D        | Reached XP level 6. HP: 19/32 MP: 6/22
   642 | D        | Killed an orc warrior
   642 | D        | Reached skill level 1 in Fighting
   642 | D        | Reached skill level 1 in Short Blades
   642 | D        | Reached skill level 1 in Armour
   642 | D        | Reached skill level 12 in Spellcasting
   642 | D        | Reached ***** piety under Vehumet
   650 | D        | Learned a level 5 spell: Fireball
   795 | D        | Learned a level 2 spell: Throw Frost
   799 | D        | Offered knowledge of Dazzling Spray by Vehumet.
   801 | D        | Noticed an orc sorcerer
   811 | D        | Killed an orc sorcerer
   811 | D        | Reached skill level 5 in Dodging
   811 | D        | Reached skill level 13 in Spellcasting
   811 | D        | Reached XP level 7. HP: 39/40 MP: 16/26
   858 | D        | Noticed Duvessa
   858 | D        | Noticed Dowan
   863 | D        | Killed Dowan
   865 | D        | Killed Duvessa
   865 | D        | Reached XP level 8. HP: 43/46 MP: 18/27
   879 | D        | Reached ****** piety under Vehumet
   961 | D        | Noticed a harpy
   961 | D        | Noticed a harpy
   961 | D        | Noticed a harpy
   963 | D        | Slain by a harpy

Vault maps used:
D:        pitsprint

Skill      XL: |  1  2  3  4  5  6  7 |
---------------+----------------------+-----
Spellcasting   | 4 8 9 11 13 | 13.7
Conjurations   | 2 4 5 6 8 |  8.4
Fire Magic     | 5 6 7 8 9 |  9.0
Fighting       | 2 3 |  3.2
Short Blades   | 3 |  3.9
Armour         | 3 |  3.2
Dodging        | 5 |  5.5
Ice Magic      | 2 3 |  3.3
Stealth        | |  2.4

Action                   |  1- 3 |  4- 6 |  7- 9 || total
-------------------------+-------+-------+-------++-------
Melee: Dagger            |     6 |     1 |       ||     7
 Cast: Flame Tongue      |    26 |    33 |     3 ||    62
       Throw Flame       |     2 |     2 |       ||     4
       Inner Flame       |       |     3 |     2 ||     5
       Conjure Flame     |       |     3 |       ||     3
       Sticky Flame      |       |     1 |     2 ||     3
       Throw Frost       |       |       |     2 ||     2
  Use: Potion            |     1 |     1 |     1 ||     3
       Scroll            |       |     1 |       ||     1
 Stab: Sleeping          |       |     1 |       ||     1
Armor: Robe              |     4 |     1 |     1 ||     6
Dodge: Dodged            |    19 |     4 |     4 ||    27

Table legend:
 A = Spawn XP
 B = Non-spawn XP
 C = Spawn XP percentage of total XP
 D = Spawn monster count
 E = Non-spawn monster count
 F = Spawn count percentage of total count
 G = Total turns spent on level
                    A         B        C        D         E        F      G
               +---------+---------+-------+---------+---------+-------+---------
         Total |       0 |    1509 |   0.0 |       0 |      31 |   0.0 |   963
               +---------+---------+-------+---------+---------+-------+---------
             D |       0 |    1509 |   0.0 |       0 |      31 |   0.0 |   963
               +---------+---------+-------+---------+---------+-------+---------
